[Event "*** Titled Tuesday Blitz"]
[Site "Chess.com"]
[Date "2020.05.26"]
[Round "7"]
[White "KingChess345"]
[Black "RobPeresian"]
[Result "0-1"]
[WhiteElo "2182"]
[BlackElo "2317"]
[TimeControl "180+1"]
[EndTime "11:19:59 PDT"]
[Termination "RobPeresian won on time"]

1. d4 d5 2. Nf3 Nf6 3. g3 g6 4. Bg2 Bg7 5. O-O O-O 6. c4 c6 7. Qb3 a5 8. cxd5 a4 9. Qd1 cxd5 10. Nc3 Ne4 11. Nxa4 Qa5 12. b3 Nc6 13. Bb2 Bg4 14. Ne5 Bf5 15. Rc1 Rfc8 16. a3 Nxe5 17. dxe5 Qd2 18. Bxe4 Qxd1 19. Rfxd1 Bxe4 20. Nc5 Bf5 21. Nxb7 Bc2 22. Rxd5 Bxb3 23. Rxc8+ Rxc8 24. Rb5 Bd1 25. Rc5 Rb8 26. Rc7 Bxe2 27. Bd4 Bf3 28. Rxe7 Bf8 29. Rc7 Rxb7 30. Rxb7 Bxb7 31. a4 Bb4 32. Bb6 Kf8 33. f4 Ke7 34. Kf2 Kd7 35. Ke3 Kc6 36. Bd8 Bc5+ 37. Kd3 Ba6+ 38. Ke4 Kd7 39. Bf6 Bb7+ 40. Kd3 Bd5 0-1

[Event "*** Titled Tuesday Blitz"]
[Site "Chess.com"]
[Date "2020.05.26"]
[Round "7"]
[White "AlexOstrovskiy"]
[Black "Caterpiller35"]
[Result "1-0"]
[WhiteElo "2626"]
[BlackElo "2296"]
[TimeControl "180+1"]
[EndTime "11:20:00 PDT"]
[Termination "AlexOstrovskiy won by resignation"]

1. d4 Nf6 2. Bf4 d5 3. e3 c5 4. c3 Nc6 5. Nd2 e6 6. Ngf3 cxd4 7. exd4 Nh5 8. Be3 Bd6 9. Ne5 g6 10. Nd3 O-O 11. Be2 Ng7 12. f4 f6 13. O-O Qc7 14. g3 Bd7 15. Nf3 a6 16. a4 Rae8 17. Bf2 e5 18. fxe5 fxe5 19. dxe5 Nxe5 20. Ndxe5 Bxe5 21.
Qxd5+ Kh8 22. Nxe5 Rxe5 23. Bd4 Ref5 24. Rxf5 Rxf5 25.
Rf1 Bc6 26. Qe6 Rxf1+ 27. Bxf1 Bxa4 28. Bc4 Qd8 29. Qf7 1-0

[Event "*** Titled Tuesday Blitz"]
[Site "Chess.com"]
[Date "2020.05.26"]
[Round "7"]
[White "Munkhzul_Turmunkh"]
[Black "K_A_S_T_O_R"]
[Result "1-0"]
[WhiteElo "2586"]
[BlackElo "2713"]
[TimeControl "180+1"]
[EndTime "11:20:03 PDT"]
[Termination "Munkhzul_Turmunkh won by resignation"]

1. e4 c5 2. Nf3 d6 3. d4 cxd4 4.
Nxd4 Nf6 5. Nc3 a6 6. Be3 e6 7. f3 b5 8. g4 h6 9. Qd2 b4 10. Nce2 e5 11. Nf5 d5 12. exd5 Qxd5 13. Qxd5 Nxd5 14.
O-O-O Bb7 15. Bf2 Nd7 16. Bg2 O-O-O 17. Rhe1 g6 18. f4 N7f6 19. fxe5 Nxg4 20. Bh4 g5 21.
Bg3 Bc5 22. Nd6+ Bxd6 23. exd6 Nge3 24. Bxd5 Nxd5 25. Nd4 Rhe8 26. Nf5 h5 27. Rxe8 Rxe8 28. Ne7+ Nxe7 29. d7+ Kd8 30. Bc7+ 1-0

[Event "*** Titled Tuesday Blitz"]
[Site "Chess.com"]
[Date "2020.05.26"]
[Round "7"]
[White "atalz0"]
[Black "Kavyev_Ruslan"]
[Result "0-1"]
[WhiteElo "2333"]
[BlackElo "2493"]
[TimeControl "180+1"]
[EndTime "11:20:03 PDT"]
[Termination "Kavyev_Ruslan won by checkmate"]

1. d4 Nf6 2. c4 g6 3. f3 d5 4. cxd5 Nxd5 5. e4 Nb6 6. Nc3 Bg7 7. Be3 O-O 8. Qd2 Nc6 9. O-O-O f5 10. e5 Nb4 11. a3 N4d5 12. Nxd5 Nxd5 13. Bh6 Be6 14. Nh3 Bf7 15. Kb1 c5 16. Bxg7 Kxg7 17. dxc5 e6 18. Bc4 Qc7 19. Ng5 Rad8 20. Bxd5 Rxd5 21. Qb4 Rfd8 22. Rxd5 Rxd5 23. Qh4 h6 24. Nxe6+ Bxe6 25. Qf6+ Kh7 26. Qxe6 Rxe5 27. Qd6 Rxc5 28. Qf8 Re5 29. Rd1 Re2 30. Ka1 Qg7 31. Qd8 Qxb2# 0-1

[Event "*** Titled Tuesday Blitz"]
[Site "Chess.com"]
[Date "2020.05.26"]
[Round "7"]
[White "Morshynska"]
[Black "Jadeit90"]
[Result "1/2-1/2"]
[WhiteElo "2182"]
[BlackElo "2308"]
[TimeControl "180+1"]
[EndTime "11:20:06 PDT"]
[Termination "Game drawn by agreement"]

1. e4 c5 2. Nf3 Nc6 3. d4 cxd4 4. Nxd4 e5 5. Nb5 a6 6. Nd6+ Bxd6 7. Qxd6 Qf6 8. Qd1 Qg6 9. Nc3 Nf6 10. f3 d5 11.
Nxd5 Nxd5 12. Qxd5 Be6 13. Qd2 f6 14. Bd3 O-O 15.
O-O Rfd8 16. Qe3 Rac8 17. c3 Qf7 18. Be2 Bxa2 19. Qb6 Be6 20. Be3 Bc4 21. Bxc4 Qxc4 22. Qxb7 Qb5 23. Qxb5 axb5 24. Kf2 b4 25. Ke2 bxc3 26.
bxc3 h5 27. h4 Ra8 28. g4 hxg4 29. fxg4 Na5 30. Bb6 Nb3 31. Rab1 Rd2+ 32. Ke3 Ra3 33. Rxb3 Rxb3 34. Kxd2 Rxb6 35. Kd3 Kf7 36. Ke3 1/2-1/2

[Event "*** Titled Tuesday Blitz"]
[Site "Chess.com"]
[Date "2020.05.26"]
[Round "7"]
[White "Tlerus"]
[Black "Dmitry_M1"]
[Result "1-0"]
[WhiteElo "2572"]
[BlackElo "2392"]
[TimeControl "180+1"]
[EndTime "11:20:07 PDT"]
[Termination "Tlerus won on time"]

1. e4 c6 2. Nf3 d5 3. Nc3 Bg4 4. h3 Bxf3 5. Qxf3 e6 6. d4 Nf6 7.
Bd3 dxe4 8. Nxe4 Nxe4 9. Qxe4 Nd7 10. O-O Nf6 11. Qh4 Be7 12. c3 a6 13. f4 c5 14. f5 exf5 15. Rxf5 cxd4 16. cxd4 g6 17. Re5 O-O 18. Rxe7 Qxe7 19. Bg5 Rad8 20. Bxf6 Qe3+ 21. Kh1 Rc8 22. Re1 Rc1 23. Rxc1 Qxc1+ 24. Kh2 Qe3 25. Bc4 Rc8 26. b3 b5 27. Qg4 Re8 28. Bd5 Qd3 29.
Qd7 Rf8 30. Be5 Qe3 31. Qe7 1-0

[Event "*** Titled Tuesday Blitz"]
[Site "Chess.com"]
[Date "2020.05.26"]
[Round "7"]
[White "Mostii"]
[Black "PetrolulSah"]
[Result "1-0"]
[WhiteElo "2354"]
[BlackElo "2202"]
[TimeControl "180+1"]
[EndTime "11:20:08 PDT"]
[Termination "Mostii won by resignation"]

1. d4 Nf6 2. Nf3 g6 3. g3 Bg7 4. Bg2 O-O 5. O-O d5 6. b3 c5 7. Bb2 Ne4 8. Nbd2 Nc6 9. e3 Bg4 10. h3 Nxd2 11. Qxd2 Bxf3 12. Bxf3 Rc8 13. c3 cxd4 14. cxd4 a5 15. Kg2 Nb4 16. Rfc1 Qd7 17. a3 Nc6 18. Rc5 b6 19. Rxd5 Qe6 20. Rb5 Na7 21. Rd5 Rc7 22. Rc1 Rd7 23. Rxd7 Qxd7 24.
a4 Rc8 25. Rxc8+ Qxc8 26. Qc3 Qd7 27. h4 e6 28. Qc4 h5 29. Ba3 Bf8 30. Bxf8 Kxf8 31.
d5 e5 32. e4 Nc8 33. Qc3 Nd6 34. Qxe5 Kg8 35. Qf6 Qc7 36. e5 Nf5 37. d6 Qc2 38. d7 Ne3+ 39. Kh3 1-0

[Event "*** Titled Tuesday Blitz"]
[Site "Chess.com"]
[Date "2020.05.26"]
[Round "7"]
[White "stanyga"]
[Black "KNVB"]
[Result "1-0"]
[WhiteElo "2618"]
[BlackElo "2759"]
[TimeControl "180+1"]
[EndTime "11:20:10 PDT"]
[Termination "stanyga won by resignation"]

1. d4 b6 2. c4 Bb7 3. Nc3 e6 4.
a3 Nf6 5. Nf3 g6 6. Qc2 Bxf3 7.
gxf3 c5 8. d5 e5 9. f4 exf4 10.
Bxf4 Nh5 11. Bg3 d6 12. Bg2 Nd7 13. Qe4+ Qe7 14. Bxd6 Qxe4 15. Nxe4 Bxd6 16. Nxd6+ Ke7 17. Nb5 Kf6 18. Bf3 Nf4 19. Kd2 Ne5 20. b3 a6 21.
Nc3 Rad8 22. Be4 Ke7 23. e3 Nh5 24. f4 Nd7 25. Bf3 Ng7 26. e4 f6 27. Rhe1 Rhe8 28. Rad1 Kd6 29. Kc2 Re7 30. e5+ Nxe5 31. Ne4+ Kd7 32.
Nxf6+ Kd6 33. Ne4+ Kd7 34. fxe5 Rxe5 35. Nxc5+ 1-0

[Event "*** Titled Tuesday Blitz"]
[Site "Chess.com"]
[Date "2020.05.26"]
[Round "7"]
[White "chenxiaoyuer"]
[Black "moistketchup"]
[Result "0-1"]
[WhiteElo "2296"]
[BlackElo "2194"]
[TimeControl "180+1"]
[EndTime "11:20:11 PDT"]
[Termination "moistketchup won by checkmate"]

1. e4 g6 2. d4 Bg7 3. Nf3 d6 4. Nc3 Nf6 5. Be2 O-O 6. O-O a6 7. a4 b6 8. Be3 Bb7 9. Nd2 e5 10. dxe5 dxe5 11. f3 Nc6 12. Nc4 Nd4 13. Nxe5 Nxe2+ 14. Qxe2 Nxe4 15. fxe4 Bxe5 16. Rad1 Qh4 17. g3 Qh3 18.
Bd4 Rae8 19. Qf2 f6 20. Bxe5 Rxe5 21. Rd7 Qxd7 22. Rd1 Qe7 23. Qd4 Bxe4 24. Kf2 Bc6 25. Rd2 Kg7 26. g4 h6 27. h3 Re8 28. h4 Qf7 29. h5 gxh5 30. gxh5 Rf5+ 31. Kg3 Qxh5 32.
Rh2 Rf3+ 33. Kg2 Qg5+ 34. Qg4 Qxg4+ 35. Kh1 Re1# 0-1

[Event "*** Titled Tuesday Blitz"]
[Site "Chess.com"]
[Date "2020.05.26"]
[Round "7"]
[White "BogdanDeac"]
[Black "suyu28"]
[Result "1-0"]
[WhiteElo "2944"]
[BlackElo "2616"]
[TimeControl "180+1"]
[EndTime "11:20:12 PDT"]
[Termination "BogdanDeac won by checkmate"]

1. e4 e5 2. Nf3 Nc6 3. Bb5 a6 4. Ba4 Nf6 5. O-O Be7 6. d3 b5 7. Bb3 d6 8. a3 O-O 9. Nc3 Bg4 10. Be3 Nd4 11. Bxd4 exd4 12. Nd5 Nd7 13. h3 Bxf3 14. Qxf3 c6 15. Nxe7+ Qxe7 16. Qg3 Kh8 17. f4 c5 18. Rae1 Rae8 19. c3 dxc3 20. bxc3 Nb6 21. d4 cxd4 22. cxd4 f6 23. Qc3 Qb7 24. Qb4 Rd8 25. e5 Nd5 26. Qd2 dxe5 27. fxe5 fxe5 28. Rxf8+ Rxf8 29. dxe5 Nf4 30. e6 Qe7 31. Rf1 Ng6 32. Rxf8+ Qxf8 33. Qb4 Qxb4 34.
axb4 Ne7 35. Kf2 g6 36. Ke3 Kg7 37. Kd4 Kf6 38. Kc5 Nf5 39. g4 Ne3 40. Kd6 Nc4+ 41. Bxc4 bxc4 42. e7 c3 43. e8=Q c2 44. Qe7# 1-0

[Event "*** Titled Tuesday Blitz"]
[Site "Chess.com"]
[Date "2020.05.26"]
[Round "7"]
[White "ThePatrick27"]
[Black "witcher8"]
[Result "0-1"]
[WhiteElo "2551"]
[BlackElo "2423"]
[TimeControl "180+1"]
[EndTime "11:20:12 PDT"]
[Termination "witcher8 won by checkmate"]

1. d4 Nf6 2. c4 g6 3. Nc3 Bg7 4. e4 d6 5. Nf3 O-O 6. Be2 e5 7. O-O Nc6 8. d5 Ne7 9. Ne1 Nd7 10. Be3 f5 11. f3 f4 12. Bf2 g5 13. Rc1 Ng6 14. Nb5 b6 15. b4 a6 16. Nc3 Rf7 17. Nd3 Bf8 18. c5 h5 19. a4 Rg7 20. cxb6 cxb6 21. Nb2 Nh4 22. Nc4 g4 23. fxg4 hxg4 24.
Bxg4 Nf6 25. Bxc8 Rxg2+ 26. Kh1 Qxc8 27. Qd3 f3 28. Bxh4 Qh3 29. Bg3 Rxh2+ 30. Bxh2 Qg2# 0-1

[Event "*** Titled Tuesday Blitz"]
[Site "Chess.com"]
[Date "2020.05.26"]
[Round "7"]
[White "GM4life"]
[Black "Grineva_Marianna"]
[Result "1-0"]
[WhiteElo "2377"]
[BlackElo "2142"]
[TimeControl "180+1"]
[EndTime "11:20:12 PDT"]
[Termination "GM4life won on time"]

1. e4 d6 2. d4 Nf6 3. Nc3 g6 4. f4 Bg7 5. Nf3 c5 6. Bb5+ Bd7 7. e5 Ng4 8. e6 Bxb5 9. exf7+ Kd7 10. Nxb5 Qa5+ 11. Nc3 Nc6 12. Ne5+ Ngxe5 13. dxe5 Nd8 14. O-O Qb4 15. Qg4+ Kc6 16. Be3 Nxf7 17. Qf3+ Kd7 18. e6+ Kd8 19. exf7 Rf8 20. Nd5 Qxb2 21. Rab1 Qxc2 22.
Nxe7 Kxe7 23. Rxb7+ Kf6 24. f5 g5 25. Bxg5+ Kxg5 26. f6 1-0

[Event "*** Titled Tuesday Blitz"]
[Site "Chess.com"]
[Date "2020.05.26"]
[Round "7"]
[White "Tsyhanchuk_Stanislav"]
[Black "aleksandrovaleksei"]
[Result "0-1"]
[WhiteElo "2427"]
[BlackElo "2681"]
[TimeControl "180+1"]
[EndTime "11:20:13 PDT"]
[Termination "aleksandrovaleksei won by resignation"]

1. e4 e5 2. Nf3 Nc6 3. Bb5 Nf6 4. d3 d6 5. O-O Bd7 6. Nbd2 g6 7. Re1 Bg7 8. Nf1 O-O 9. Ng3 a6 10. Ba4 b5 11. Bb3 Na5 12. h3 c5 13. c3 Nxb3 14. axb3 a5 15. d4 cxd4 16. cxd4 exd4 17. Nxd4 Re8 18.
Bf4 Qb6 19. Nc2 Bc6 20. Qxd6 Rad8 21. Qc7 Qxc7 22. Bxc7 Rd2 23. Ne3 Rxb2 24. e5 Nd7 25.
f4 Rxb3 26. Rxa5 Bf8 27. Ra6 Bb7 28. Raa1 Bc5 29. Kf2 f6 30. Rac1 fxe5 31. fxe5 Rf8+ 32. Kg1 Bxe3+ 0-1

[Event "*** Titled Tuesday Blitz"]
[Site "Chess.com"]
[Date "2020.05.26"]
[Round "7"]
[White "Sanyura"]
[Black "MiroVlasenko"]
[Result "1-0"]
[WhiteElo "2508"]
[BlackElo "2662"]
[TimeControl "180+1"]
[EndTime "11:20:17 PDT"]
[Termination "Sanyura won by resignation"]

1. e4 Nc6 2. Nf3 d6 3. d4 Nf6 4.
Bd3 Bg4 5. c3 e5 6. dxe5 Nxe5 7.
Be2 Bxf3 8. Bxf3 Be7 9. O-O O-O 10. Bf4 Ng6 11. Bg3 Nd7 12. Nd2 Bh4 13. Bh5 Bxg3 14. hxg3 Nge5 15. f4 Nc6 16. Bf3 Qf6 17. Nc4 Qg6 18.
Kf2 Nc5 19. Qc2 d5 20. f5 Qg5 21. exd5 Ne5 22. Nxe5 Rae8 23. Rae1 Qf6 24. b4 Rxe5 25. Rxe5 Qxe5 26. bxc5 Qe7 27. Qd2 Qxc5+ 28. Qd4 Qa5 29. a4 b5 30. axb5 Qxb5 31. f6 gxf6 32. Qxf6 Re8 33.
Kg1 Qc5+ 34. Kh2 Rf8 35. Bh5 Qxd5 36. Rf5 1-0

[Event "*** Titled Tuesday Blitz"]
[Site "Chess.com"]
[Date "2020.05.26"]
[Round "7"]
[White "kingmonkey2006"]
[Black "mamey78"]
[Result "1-0"]
[WhiteElo "2569"]
[BlackElo "2397"]
[TimeControl "180+1"]
[EndTime "11:20:17 PDT"]
[Termination "kingmonkey2006 won by resignation"]

1. b3 e5 2. Bb2 Nc6 3. e3 Nf6 4. Bb5 Bd6 5. Na3 a6 6. Be2 b5 7. c4 b4 8. Nc2 O-O 9. d4 Re8 10.
Nf3 exd4 11. exd4 Qe7 12. d5 Ne5 13. O-O c5 14. dxc6 dxc6 15. Nxe5 Bxe5 16. Bxe5 Qxe5 17. Bf3 Bf5 18. Nxb4 Rad8 19. Qc1 Qc5 20. Nxc6 Rd3 21. b4 Qb6 22. Qf4 Rxf3 23. gxf3 Bd3 24. Qd4 Qxd4 25. Nxd4 Bxf1 26. Kxf1 1-0

[Event "*** Titled Tuesday Blitz"]
[Site "Chess.com"]
[Date "2020.05.26"]
[Round "7"]
[White "HanSchut"]
[Black "ehrenfeld"]
[Result "0-1"]
[WhiteElo "2176"]
[BlackElo "2453"]
[TimeControl "180+1"]
[EndTime "11:20:17 PDT"]
[Termination "ehrenfeld won on time"]

1. e4 e5 2. Nf3 Nc6 3. Bc4 Nf6 4. d4 exd4 5. e5 d5 6. Bb5 Ne4 7. Nxd4 Bd7 8. Bxc6 bxc6 9. O-O Bc5 10. f3 Ng5 11.
Be3 Bb6 12. f4 Ne4 13. Nd2 c5 14.
N4f3 Bf5 15. Nxe4 Bxe4 16. Ng5 Bf5 17. g4 Bc8 18. f5 h6 19. Nf3 d4 20. Bf2 h5 21. h3 hxg4 22. hxg4 Bb7 23. Bg3 Qd5 24. c4 Qe4 25. Kg2 Qxg4 26. Qe2 Rh3 27. Qf2 O-O-O 28. Rh1 Rdh8 29. Rxh3 Qxh3+ 0-1

[Event "*** Titled Tuesday Blitz"]
[Site "Chess.com"]
[Date "2020.05.26"]
[Round "7"]
[White "Sweafty"]
[Black "dopolian"]
[Result "0-1"]
[WhiteElo "2487"]
[BlackElo "2341"]
[TimeControl "180+1"]
[EndTime "11:20:18 PDT"]
[Termination "dopolian won by resignation"]

1. d4 Nf6 2. c4 c5 3. d5 e6 4. Nc3 exd5 5. cxd5 d6 6. Nf3 g6 7. Bf4 a6 8. Nd2 b5 9. a4 b4 10. Nce4 Nxe4 11. Nxe4 Bf5 12. Nd2 Bg7 13. Nc4 O-O 14. Bxd6 Bxb2 15. Bxf8 Bc3+ 16. Nd2 Kxf8 17. f3 Qxd5 18.
e4 Qd4 19. Rb1 Be6 20. Be2 Nc6 21. Qc2 Rd8 22. Rd1 b3 23. Qd3 Qxd3 24. Bxd3 Rxd3 25. Ke2 c4 26. Nb1 Rxd1 27. Rxd1 Be5 28. g3 c3 29. Nxc3 Bxc3 30. Kd3 Bf6 31. Rc1 b2 32. Rb1 Nb4+ 33.
Kd2 Ba2 34. Rxb2 Bxb2 35. Ke3 a5 36. f4 Bb3 0-1

[Event "*** Titled Tuesday Blitz"]
[Site "Chess.com"]
[Date "2020.05.26"]
[Round "7"]
[White "verdest"]
[Black "MNyuyu"]
[Result "1-0"]
[WhiteElo "2531"]
[BlackElo "2317"]
[TimeControl "180+1"]
[EndTime "11:20:22 PDT"]
[Termination "verdest won by resignation"]

1. d4 d5 2. c4 e6 3. Nc3 Be7 4. cxd5 exd5 5. Bf4 c6 6. Qc2 Nf6 7. e3 g6 8. Bd3 Na6 9. a3 Nc7 10.
Nf3 Ne6 11. Be5 Ng7 12. O-O O-O 13. b4 a6 14. Rab1 Bf5 15. Bxf6 Bxf6 16. a4 Bxd3 17. Qxd3 Nf5 18. b5 cxb5 19. axb5 a5 20. Rfc1 b6 21. Na4 Nd6 22. Rc6 Nc4 23. Nd2 Nxd2 24. Qxd2 Rb8 25. Rbc1 Be7 26. Qe2 Bb4 27. Qf3 Qd7 28.
h4 Rfc8 29. Nxb6 Rxb6 30. Rxc8+ Bf8 31. R1c7 Qe6 32. Rc6 Rxc6 33. Rxc6 Qd7 34. h5 a4 35.
Qd1 a3 36. Qb3 Qa7 37. Rc2 Qa5 38. Kf1 gxh5 39. b6 Bd6 40. b7 Qd8 41. Rc8 1-0

[Event "*** Titled Tuesday Blitz"]
[Site "Chess.com"]
[Date "2020.05.26"]
[Round "7"]
[White "rynos0411"]
[Black "Gyapiking"]
[Result "1/2-1/2"]
[WhiteElo "2371"]
[BlackElo "2528"]
[TimeControl "180+1"]
[EndTime "11:20:23 PDT"]
[Termination "Game drawn by repetition"]

1. d4 d5 2. c4 c6 3. Nc3 Nf6 4. e3 a6 5. Nf3 Bf5 6. Be2 h6 7. O-O e6 8. b3 Nbd7 9. Bb2 Bd6 10. Nh4 Bh7 11. f4 g5 12. Nf3 gxf4 13. cxd5 cxd5 14.
Bd3 Ne4 15. exf4 Bxf4 16. Bxe4 dxe4 17. Nd2 Be3+ 18. Kh1 Nf6 19. Nc4 Nd5 20. Nxd5 exd5 21. Nxe3 Bg6 22. Qg4 O-O 23. Rac1 Qd6 24. Rc5 Kh7 25.
Rxd5 Qb4 26. Rd7 Qd2 27. Bc1 Qd3 28. Rd1 Qb5 29. Nc4 Bf5 30. Qf4 Bxd7 31. Qxh6+ Kg8 32. Bg5 Qf5 33. Bf6 Qh7 34. Qg5+ Qg6 35. Qh4 Qh7 36. Qg3+ Qg6 37. Qh4 Qh7 38. Qg3+ Qg6 39. Qh4 1/2-1/2

[Event "*** Titled Tuesday Blitz"]
[Site "Chess.com"]
[Date "2020.05.26"]
[Round "7"]
[White "CMS13"]
[Black "pfalcon1949"]
[Result "1-0"]
[WhiteElo "2201"]
[BlackElo "2048"]
[TimeControl "180+1"]
[EndTime "11:20:24 PDT"]
[Termination "CMS13 won on time"]

1. e4 e6 2. d4 d5 3. Nc3 Bb4 4. Ne2 dxe4 5. a3 Bxc3+ 6. Nxc3 Nc6 7. Bb5 Ne7 8. Nxe4 O-O 9. O-O e5 10. dxe5 Nxe5 11. Qh5 N7g6 12. h3 c6 13. Be2 f6 14.
f4 Nf7 15. Be3 Re8 16. Rad1 Qe7 17. Bd3 f5 18. Bc5 Qe6 19. Ng3 Qd5 20. b4 Qa2 21. Nxf5 Bxf5 22. Bxf5 b6 23. Bd4 1-0

[Event "*** Titled Tuesday Blitz"]
[Site "Chess.com"]
[Date "2020.05.26"]
[Round "7"]
[White "Boudicca64"]
[Black "Walter_White_Poland"]
[Result "0-1"]
[WhiteElo "1979"]
[BlackElo "2192"]
[TimeControl "180+1"]
[EndTime "11:20:24 PDT"]
[Termination "Walter_White_Poland won on time"]

1. e4 e5 2. d4 exd4 3. Qxd4 Nc6 4. Qe3 Nf6 5. Nc3 Bb4 6. Bd2 O-O 7. O-O-O Re8 8. f3 d6 9. Nge2 Bc5 10. Qg5 Ne5 11.
h4 Nc4 12. h5 h6 13. Qf4 Nxd2 14. Rxd2 Be6 15. g4 Nd7 16. Nd4 Qg5 17. Qxg5 hxg5 18. h6 Ne5 19. Be2 Bxd4 20. Rxd4 Ng6 21. Bb5 c6 22.
Be2 gxh6 23. Rxd6 Kg7 0-1

[Event "*** Titled Tuesday Blitz"]
[Site "Chess.com"]
[Date "2020.05.26"]
[Round "7"]
[White "Fortitudine"]
[Black "White_Ghost"]
[Result "0-1"]
[WhiteElo "2316"]
[BlackElo "2482"]
[TimeControl "180+1"]
[EndTime "11:20:25 PDT"]
[Termination "White_Ghost won on time"]

1. d4 d5 2. Nc3 Nf6 3. Bg5 c5 4. e3 Nc6 5. Nf3 Bg4 6. Be2 Bxf3 7. Bxf3 cxd4 8. exd4 e6 9. O-O Be7 10. Ne2 O-O 11. c3 b5 12. a3 a5 13. Nf4 h6 14.
Bxf6 Bxf6 15. Nd3 b4 16. axb4 axb4 17. Be2 bxc3 18. bxc3 Qc7 19. Qb3 Rfb8 20. Rxa8 Rxa8 21. Nc5 Bxd4 22. Na6 Qa7 23. cxd4 Nxd4 24. Qe3 Nxe2+ 25.
Qxe2 Qxa6 26. Qb2 Qa2 27. Qb7 Qa7 28. Qb4 Qc7 29. h4 Rb8 30. Qg4 Qc4 31. Qg3 Rb3 32.
Qd6 Qxh4 33. g3 Qg5 34. Kg2 h5 35. Rh1 Rc3 36. Qb8+ Kh7 37. Qb1+ g6 38. Qb7 Qf6 39. Qb4 Qf3+ 0-1

[Event "*** Titled Tuesday Blitz"]
[Site "Chess.com"]
[Date "2020.05.26"]
[Round "7"]
[White "Shankovskyi"]
[Black "FrogMist"]
[Result "1-0"]
[WhiteElo "2531"]
[BlackElo "2354"]
[TimeControl "180+1"]
[EndTime "11:20:25 PDT"]
[Termination "Shankovskyi won by resignation"]

1. e4 e5 2. Nf3 Nc6 3. Bc4 Nf6 4.
Ng5 d5 5. exd5 Na5 6. Bb5+ c6 7. dxc6 bxc6 8. Bd3 Be7 9. Nc3 h6 10. Nf3 Qc7 11.
O-O O-O 12. Re1 Bg4 13. h3 Bh5 14. g4 Bg6 15. Bxg6 fxg6 16. Nxe5 Bc5 17. d4 Rad8 18.
Be3 Bxd4 19. Bxd4 c5 20. Nxg6 Rxd4 21. Qe2 Rfd8 22. Nb5 Qf7 23. Nxd4 cxd4 24. Ne5 Qd5 25. b4 Nb7 26. Qf3 Qb5 27. a4 Qb6 28. a5 Qb5 29. Qc6 Qxc6 30. Nxc6 Rc8 31. Ne7+ 1-0

[Event "*** Titled Tuesday Blitz"]
[Site "Chess.com"]
[Date "2020.05.26"]
[Round "7"]
[White "profofchess"]
[Black "wannabe2700"]
[Result "0-1"]
[WhiteElo "2485"]
[BlackElo "2715"]
[TimeControl "180+1"]
[EndTime "11:20:27 PDT"]
[Termination "wannabe2700 won by resignation"]

1. e4 e6 2. d4 d5 3. Nc3 Bb4 4. exd5 exd5 5. Bd3 Nf6 6. Nf3 O-O 7. O-O c6 8. Ne2 Re8 9. Ng3 Nbd7 10. Nf5 Nf8 11.
Ne5 Ne4 12. Qf3 Be6 13. c3 Ba5 14. Bxe4 dxe4 15. Qxe4 f6 16. Nf3 Qd7 17. g4 Bc4 18.
Qc2 Bxf1 19. Kxf1 Bc7 20. Be3 Kh8 21. Ke2 Ng6 22. Rg1 Qd5 23. c4 Nf4+ 24. Kd2 Qxf3 25. Qd1 Qxd1+ 26. Kxd1 g6 27. Ng3 Rad8 0-1

[Event "*** Titled Tuesday Blitz"]
[Site "Chess.com"]
[Date "2020.05.26"]
[Round "7"]
[White "StephenDedalus83"]
[Black "Shushik"]
[Result "1-0"]
[WhiteElo "2729"]
[BlackElo "2133"]
[TimeControl "180+1"]
[EndTime "11:20:28 PDT"]
[Termination "StephenDedalus83 won by resignation"]

1. e4 e5 2. Nf3 Nc6 3. Bb5 Nf6 4. O-O Nxe4 5. d4 Nd6 6. Bxc6 dxc6 7. dxe5 Nf5 8.
Qxd8+ Kxd8 9. Rd1+ Ke8 10. h3 Be7 11. Nc3 Be6 12. Bg5 h6 13. Bxe7 Nxe7 14. Ne2 Ng6 15. Re1 Ke7 16. Ned4 Rad8 17. Nxe6 Kxe6 18. Re4 c5 19.
Rae1 Rd7 20. Kh2 Rhd8 21. R1e2 Rd1 22. Ne1 R1d4 23. Nd3 b6 24. b3 Rxe4 25. Rxe4 Rd4 26. Rxd4 cxd4 27. f4 Ne7 28. g4 g6 29. Kg3 Nd5 30. Kf3 c5 31. a3 a6 32. Nf2 Nc3 33. Ne4 Nb1 34. a4 Na3 35. c3 dxc3 36. Nxc3 Nc2 37.
Ke4 Nd4 38. Nd5 Nxb3 39. f5+ gxf5+ 40. gxf5+ Kd7 41. Nxb6+ Kc6 42. Nc4 Nd4 43. Na5+ Kb6 44. Nc4+ Kc6 45. h4 h5 46. Ne3 Kd7 47. Kd5 Nf3 48.
e6+ fxe6+ 49. fxe6+ Ke8 50. Nf5 Nd2 51. Kxc5 Ne4+ 52.
Kd5 Nc3+ 53. Kd6 Ne4+ 54. Ke5 Nc5 55. a5 Nb7 56. Kf6 Nxa5 57. Ng7+ Kf8 58. e7+ Kg8 59.
e8=Q+ 1-0

[Event "*** Titled Tuesday Blitz"]
[Site "Chess.com"]
[Date "2020.05.26"]
[Round "7"]
[White "realmadridtv"]
[Black "AGW2016"]
[Result "0-1"]
[WhiteElo "2443"]
[BlackElo "2248"]
[TimeControl "180+1"]
[EndTime "11:20:29 PDT"]
[Termination "AGW2016 won by resignation"]

1. e4 c5 2. Nf3 d6 3. Nc3 Nc6 4. b3 g6 5. Bb2 Bg7 6. Bb5 Bd7 7. O-O e6 8. Re1 Nge7 9. Bxc6 Bxc6 10. d4 cxd4 11.
Nxd4 O-O 12. Nxc6 Nxc6 13. Na4 Bxb2 14. Nxb2 b5 15. Qe2 a6 16. Rad1 Qc7 17. c4 Rab8 18. h4 h5 19. g3 Ne5 20. Rc1 Qa5 21. cxb5 axb5 22. Nd3 Nxd3 23. Qxd3 Qxa2 24. Rc7 Qa5 25.
Rec1 Qb4 26. Kg2 Rfd8 27. Qf3 Rf8 28. Rd7 Rbd8 29. Rcc7 Rxd7 30. Rxd7 Qd4 31. Qf4 e5 32. Qf3 b4 33. Qe2 Rc8 34. Qf3 Rf8 35. Rb7 f5 36. exf5 Rxf5 37. Rb8+ Kg7 38. Qe3 Qd5+ 39. Kg1 Qc5 40.
Qe2 Rf7 41. Rb5 Qd4 42. Kg2 e4 43. Qc2 e3 44. fxe3 Qxe3 45. Rd5 Qf3+ 46. Kh2 Qxd5 47. Qb2+ Qe5 48. Qd2 Re7 49. Qxb4 Qe2+ 50. Kh3 Qf1+ 0-1

[Event "*** Titled Tuesday Blitz"]
[Site "Chess.com"]
[Date "2020.05.26"]
[Round "7"]
[White "Larina_Marija"]
[Black "Roenko_Artur"]
[Result "1-0"]
[WhiteElo "2158"]
[BlackElo "2281"]
[TimeControl "180+1"]
[EndTime "11:20:30 PDT"]
[Termination "Larina_Marija won on time"]

1. e4 c5 2. Nc3 g6 3. g3 Bg7 4. Bg2 Nc6 5. Nge2 d6 6. d3 Nf6 7.
O-O O-O 8. f4 Rb8 9. a4 Nb4 10.
d4 cxd4 11. Nxd4 e5 12. Ndb5 Qb6+ 13. Kh1 Ng4 14. Qe2 a6 15. Na3 h5 16. Nc4 Qc7 17.
h3 Nf6 18. a5 Nxc2 19. Qxc2 Qxc4 20. Ra4 Qc6 21. Qe2 Bd7 22. Rc4 Qxc4 23. Qxc4 Rbc8 24. Qb3 Bc6 25. Nd5 Nxd5 26. exd5 Bb5 27. Re1 exf4 28.
Bxf4 Rfe8 29. Rxe8+ Rxe8 30. Bxd6 Re2 31. Bc5 Rxb2 32. Qe3 Rb1+ 33. Kh2 Rd1 34. d6 Rb1 35. Bxb7 Rb2+ 36. Bg2 Bc6 37. d7 1-0

[Event "*** Titled Tuesday Blitz"]
[Site "Chess.com"]
[Date "2020.05.26"]
[Round "7"]
[White "Carnivoras"]
[Black "Gareth-Bale11"]
[Result "0-1"]
[WhiteElo "2624"]
[BlackElo "2766"]
[TimeControl "180+1"]
[EndTime "11:20:31 PDT"]
[Termination "Gareth-Bale11 won by resignation"]

1. d4 Nf6 2. Nf3 d5 3. Bg5 Ne4 4. Bh4 h5 5. Nbd2 f6 6. Bg3 g5 7. h3 Nxg3 8. fxg3 Bf5 9. e3 e6 10. Bd3 Bd6 11. Kf2 c6 12. Bxf5 exf5 13. c4 Qc7 14. g4 fxg4 15. hxg4 Nd7 16. Rc1 O-O-O 17. cxd5 hxg4 18. Rxh8 Rxh8 19. dxc6 bxc6 20. Qa4 Nb6 21. Qa6+ Kb8 22. Ne1 Bg3+ 23. Ke2 Bxe1 24. Rxe1 Qg3 25.
Rf1 Rh2 26. Qa5 Qxg2+ 27. Kd3 Qd5 28. Qb4 Qg2 29. Rxf6 Qe2+ 30. Kc2 Qc4+ 31. Qc3 Qxc3+ 32. Kxc3 Nd5+ 0-1

[Event "*** Titled Tuesday Blitz"]
[Site "Chess.com"]
[Date "2020.05.26"]
[Round "7"]
[White "mbachez"]
[Black "AEMEffi"]
[Result "1-0"]
[WhiteElo "2533"]
[BlackElo "2325"]
[TimeControl "180+1"]
[EndTime "11:20:32 PDT"]
[Termination "mbachez won on time"]

1. e4 e5 2. Nf3 Nc6 3. Bb5 a6 4. Ba4 Nf6 5. d3 b5 6. Bb3 Be7 7. c3 O-O 8. O-O d5 9. h3 h6 10. Nbd2 Be6 11. Qe2 dxe4 12. dxe4 Qc8 13. Re1 Bc5 14. Nf1 Bxb3 15. axb3 Qe6 16. b4 Bb6 17. Ng3 Ne7 18. Nh4 c6 19. Qf3 Kh7 20. Nhf5 Neg8 21. Be3 Bc7 22. Red1 g6 23. Nh4 Nd7 24. Qe2 Nb6 25.
Bc5 Ne7 26. b3 Nd7 27. Be3 a5 28. Qd2 Rfd8 29. Qb2 axb4 30. cxb4 Rxa1 31. Rxa1 Nf6 32. Nf3 Qd7 33. Bc5 Nc8 34. Nxe5 Qe6 35. Nf3 Nxe4 36.
Re1 f5 37. Nxe4 fxe4 38. Nd2 Nd6 39. g3 1-0